Cogmind - Beta 15 @@@ ROGUE MODE // 2025.07.15 @ 12:17:03 Player: Carpathian Result: Self-destructed Performance ------------- Evolutions (1) 500 Regions Visited (3) 600 Robots Destroyed (33) 165 Value Destroyed (796) 796 Prototype IDs (0) 0 Alien Tech Used (0) 0 Bonus (0) 0 TOTAL SCORE: 2061 Bonus ------- None Cogmind --------- Core Integrity 88/400 Matter 300/300 Energy 265/265 System Corruption 0% Temperature Warm (135) Movement Walking (190) Ox1 Location -9/Storage Parts ------- > --- POWER (1) -------- Improved Ion Engine > --- PROPULSION (2) --- Aluminum Leg Aluminum Leg > --- UTILITY (4) ------ Small Storage Unit Hardened Light Armor Plating > --- WEAPON (2) ------- Spread Laser Shock Bomb Launcher > --- INVENTORY (8) ---- Ion Engine Light Treads Light Treads Medium Armor Plating Rocket Launcher Peak State ------------ > --- POWER ------------ Improved Ion Engine > --- PROPULSION ------- Aluminum Leg Aluminum Leg > --- UTILITY ---------- Small Storage Unit Hardened Light Armor Plating > --- WEAPON ----------- Spread Laser Shock Bomb Launcher > --- INVENTORY -------- Ion Engine Light Treads Light Treads Spread Laser Rocket Launcher [Rating: 12] Favorites ----------- Power Ion Engine Engine Ion Engine Propulsion Aluminum Leg Treads Light Treads Leg Aluminum Leg Utility Small Storage Unit Device Trap Scanner Storage Small Storage Unit Protection Medium Armor Plating Weapon Assault Rifle Energy Gun Spread Laser Ballistic Gun Assault Rifle Launcher Shock Bomb Launcher Build | -11 -10 -9 -9 ------- Run | Yrd Mat Mat Sto Slots Evolved 2 | . . 2 . Power . | . . . . Propulsion . | . . . . Utility 2 | . . 2 . Weapon . | . . . . Parts Attached 25 | 6 . 14 5 Power 4 | 1 . 2 1 Engine 4 | 1 . 2 1 Core . | . . . . Reactor . | . . . . Propulsion 9 | 2 . 5 2 Treads 3 | 2 . . 1 Leg 6 | . . 5 1 Wheel . | . . . . Hover . | . . . . Flight . | . . . . Utility 4 | 1 . 2 1 Device 1 | . . 1 . Storage 1 | 1 . . . Processor . | . . . . Hackware . | . . . . Protection 2 | . . 1 1 Artifact . | . . . . Weapon 8 | 2 . 5 1 Energy Gun 2 | . . 2 . Energy Cannon . | . . . . Ballistic Gun 4 | 2 . 2 . Ballistic Cannon . | . . . . Launcher 2 | . . 1 1 Special Weapon . | . . . . Impact Weapon . | . . . . Slashing Weapon . | . . . . Piercing Weapon . | . . . . Special Melee Weapon . | . . . . Unidentified Prototypes . | . . . . Parts Lost 10 | . . 8 2 Power 3 | . . 2 1 Propulsion 4 | . . 3 1 Utility 2 | . . 2 . Weapon 1 | . . 1 . Highest Loss Streak 4 | . . 4 2 To Critical Strikes . | . . . . Average Backups 4 | . 1 4 6 Power 1 | . 1 1 1 Propulsion . | . . . 2 Utility . | . . . . Weapon 1 | . . 2 1 Tool/Special . | . . . . Unused Backups 6 | . . 1 5 Power 2 | . . 1 1 Propulsion 2 | . . . 2 Utility 1 | . . . 1 Weapon 1 | . . . 1 Tool/Special . | . . . . Average Slot Usage (%) 72 | . 85 68 66 Engine 11 | . 14 10 9 Treads 10 | . 28 4 . Leg 12 | . . 16 20 Storage 11 | . 14 11 11 Protection 2 | . . 4 4 Energy Gun 5 | . . 3 15 Ballistic Gun 16 | . 28 18 . Launcher 1 | . . . 4 Peak Build Rating 12 | 6 6 10 12 Average Rating 7 | 4 6 7 10 On Entrance 5 | . 6 6 10 Naked Turns . | . . . . Heaviest Build 26 | 13 13 21 26 Greatest Support 40 | 40 40 40 20 Greatest Overweight (x) 4 | . . 4 4 Average Overweight (x) . | . . . . Largest Inventory Capacity 8 | 8 8 8 8 Average Capacity 7 | 7 8 8 8 Most Carried 8 | 3 2 8 8 Average Carried 4 | . 1 4 5 Final Capacity 8 | 8 8 8 8 Final Carried 7 | 1 2 7 5 Class Distribution -------------------- 100% | Mutant Dominant Class ---------------- Mutant | -10/Materials Mutant | -9/Materials Mutant | -9/Storage Resources | -11 -10 -9 -9 ----------- Run | Yrd Mat Mat Sto Matter Collected 763 | 212 43 408 100 Remotely . | . . . . Salvage Created 1025 | . 91 635 299 Parts 80 | . 4 56 20 Haulers Intercepted 3 | . . 2 1 Recyclers Shooed 2 | . . 1 1 Parts Field Recycled . | . . . . Retrieved Matter . | . . . . Parts Self-Destructed . | . . . . Prevented . | . . . . Kills | -11 -10 -9 -9 ------- Run | Yrd Mat Mat Sto Combat Hostiles Destroyed 25 | . 2 18 5 Guns 24 | . 2 18 4 AOE 1 | . . . 1 Classes Destroyed 8 | . 1 5 2 Worker 2 | . . 1 1 Builder 1 | . . 1 . Hauler 3 | . . 2 1 Recycler 1 | . . . 1 Operator 1 | . . . 1 Swarmer 8 | . . 8 . Grunt 13 | . 2 7 4 Sentry 4 | . . 3 1 Best Kill Streak 6 | . 1 6 3 Combat Bots Only 4 | . 1 4 2 Max Kills in Single Turn 2 | . 1 2 1 Gunslinging 1 | . . 1 . Exploded 1 | . . . 1 Melee . | . . . . Uniques/NPCs Destroyed . | . . . . Combat | -11 -10 -9 -9 -------- Run | Yrd Mat Mat Sto Hostile Shots Fired 168 | . 9 131 28 Missed 43 | . 5 30 8 Hits 125 | . 4 101 20 Projectile 125 | . 4 101 20 Critical Strikes 6 | . 1 5 . Damage Taken 1674 | . 61 1314 299 Core 312 | . . 245 67 Absorbed by Shields . | . . . . Core Remaining (%) 100 | 100 100 . . Volleys Fired 97 | . 6 66 25 Largest 2 | . 2 2 2 Hottest 130 | . 40 130 130 Shots Fired 169 | . 12 125 32 Gun 163 | . 12 121 30 Cannon . | . . . . Launcher 6 | . . 4 2 Special . | . . . . Kinetic 113 | . 12 101 . Thermal 50 | . . 20 30 Explosive 4 | . . 4 . Electromagnetic 2 | . . . 2 Robot Hit Streak 9 | . 4 9 9 Robot Miss Streak 12 | . 1 6 12 Penetration Max . | . . . . Secondary Targets 5 | . . 5 . Max Gunslinging Chain 1 | . . 1 . Shots Hit Robots 119 | . 8 80 31 Core Hits 90 | . 4 47 39 Critical Kills . | . . . . Critical Parts Destroyed 1 | . 1 . . Critical Strikes 1 | . 1 . . Destroy 1 | . 1 . . Melee Attacks . | . . . . Impact . | . . . . Slashing . | . . . . Piercing . | . . . . Sneak Attacks . | . . . . Combat Hostiles . | . . . . Follow-up Attacks . | . . . . Damage Inflicted 1769 | . 88 1199 482 Guns 1425 | . 88 944 393 Cannons . | . . . . Explosions 344 | . . 255 89 Melee . | . . . . Ramming . | . . . . Kinetic 782 | . 88 694 . Thermal 643 | . . 250 393 Explosive 255 | . . 255 . Electromagnetic 89 | . . . 89 Impact . | . . . . Slashing . | . . . . Piercing . | . . . . Highest Corruption . | . . . . Average Corruption . | . . . . Corruption Purged . | . . . . Corruption Blocked . | . . . . Overload Shots . | . . . . Overflow Damage 12 | . . 12 . Projectiles . | . . . . Explosions 12 | . . 12 . Melee . | . . . . Knockbacks . | . . . . Impact . | . . . . Kinetic . | . . . . Secondary . | . . . . Self-Inflicted Damage 97 | . . 97 . Shots 3 | . . 3 . Rammed . | . . . . Targets Rammed . | . . . . Kicked . | . . . . Crushed . | . . . . Highest Temperature 285 | . 27 204 285 Average Temperature 86 | . 18 76 101 Received Heat Transfer 720 | . 51 531 138 Siege Activations . | . . . . Martial Activations . | . . . . Shielding Activations . | . . . . Robots Disrupted . | . . . . Combat Hostiles . | . . . . Robots Corrupted . | . . . . Combat Hostiles . | . . . . Parts Fried . | . . . . Impact Corruptions . | . . . . Robots Melted . | . . . . Combat Hostiles . | . . . . Parts Melted . | . . . . Heat Transferred 815 | . . 310 505 Parts Sabotaged . | . . . . Parts Stolen . | . . . . Parts Stripped . | . . . . Power Chain Reactions . | . . . . Alert | -11 -10 -9 -9 ------- Run | Yrd Mat Mat Sto Maximum Alert Level 1 | . . 1 . Low Security (%) 70 | 100 100 33 100 Level 1 29 | . . 66 . Level 2 . | . . . . Level 3 . | . . . . Level 4 . | . . . . Level 5 . | . . . . High Security . | . . . . Max Security . | . . . . Peak Influence 274 | . 64 274 147 Initial 100 | . . 15 100 Average 115 | . 12 198 99 Influence Increases 905 | . 89 630 186 Destroy 0b10 Robot/C 500 | . 40 360 100 Destroy 0b10 Robot/NC 40 | . . 20 20 Destroy Leader 116 | . 10 74 32 Successful Hack 28 | . 9 . 19 Disable Machine 30 | . . 30 . Destroy Structure 26 | . . 26 . Lose Combat Pursuer 165 | . 30 120 15 Influence Decreases 829 | . 52 429 348 Entered New Map 160 | . . 22 138 Time Decay 569 | . 52 327 190 Lost Part 100 | . . 80 20 Squads Dispatched 5 | . 1 2 2 Investigation 1 | . . . 1 Extermination . | . . . . Reinforcement 4 | . 1 2 1 Assault . | . . . . Garrison . | . . . . Intercept . | . . . . Searches Triggered . | . . . . Construction Impeded 1 | . . . 1 Haulers Reinforced . | . . . . Active Scanning Responses . | . . . . Cargo Convoy Interrupts . | . . . . Stealth | -11 -10 -9 -9 --------- Run | Yrd Mat Mat Sto Distress Signals 4 | . . 4 . Communications Jammed . | . . . . Distress Signals . | . . . . Times Spotted 48 | . 7 29 12 Peak Tracking Total 6 | . 3 6 4 Tactical Retreats 8 | . 2 5 1 Traps | -11 -10 -9 -9 ------- Run | Yrd Mat Mat Sto Traps Triggered 4 | . . . 4 Indirectly . | . . . . Trap Hack Attempts . | . . . . Triggered . | . . . . Disarmed . | . . . . Reprogrammed . | . . . . Reused . | . . . . Traps Extracted . | . . . . Installed . | . . . . Triggered . | . . . . Machines | -11 -10 -9 -9 ---------- Run | Yrd Mat Mat Sto Machines Disabled 2 | . . 2 . Max in Single Turn 2 | . . 2 . Machines Repaired . | . . . . Machines Dismantled . | . . . . Machines Sabotaged . | . . . . Overloaded Fab Kills . | . . . . Hacking | -11 -10 -9 -9 --------- Run | Yrd Mat Mat Sto Machines Accessed 4 | . 1 . 3 Terminals 4 | . 1 . 3 Fabricators . | . . . . Repair Stations . | . . . . Recycling Units . | . . . . Scanalyzers . | . . . . Garrison Access . | . . . . Total Hacks 7 | . 2 . 5 Successful 4 | . 1 . 3 Failed 3 | . 1 . 2 Catastrophic . | . . . . Database Lockouts . | . . . . Manual 2 | . 2 . . Terminals 7 | . 2 . 5 Fabricators . | . . . . Repair Stations . | . . . . Recycling Units . | . . . . Scanalyzers . | . . . . Garrison Access . | . . . . Terminal Hacks 4 | . 1 . 3 Record 1 | . . . 1 Open Door 2 | . . . 2 Level Access Points 1 | . 1 . . Fabricator Hacks . | . . . . Repair Station Hacks . | . . . . Recycling Unit Hacks . | . . . . Scanalyzer . | . . . . Garrison Access Hacks . | . . . . Unauthorized Hacks . | . . . . Terminals . | . . . . Fabricators . | . . . . Repair Stations . | . . . . Recycling Units . | . . . . Scanalyzers . | . . . . Garrison Access . | . . . . Data Cores Recovered . | . . . . Used . | . . . . Hacking Detections 4 | . 1 . 3 Full Trace Events 1 | . . . 1 Feedback Events . | . . . . Feedback Blocked . | . . . . Robot Schematics Acquired . | . . . . Robots Built . | . . . . Authchips . | . . . . Time . | . . . . Total Robot Build Rating . | . . . . Part Schematics Acquired . | . . . . Parts Built . | . . . . Authchips . | . . . . Time . | . . . . Total Part Build Rating . | . . . . Parts Repaired . | . . . . Time . | . . . . Parts Recycled . | . . . . Recycled Matter . | . . . . Retrieved Matter . | . . . . Retrieved Components . | . . . . Parts Scanalyzed . | . . . . Part Schematics Acquired . | . . . . Parts Damaged . | . . . . Bothacking | -11 -10 -9 -9 ------------ Run | Yrd Mat Mat Sto Used RIF Installer . | . . . . Robots Hacked . | . . . . Non-combat . | . . . . Combat . | . . . . Robot Hacks Applied . | . . . . Relay Couplers Released . | . . . . Fabnet Peak Effective % . | . . . . Robots Rewired . | . . . . Allies Hacked . | . . . . Hacks Repelled . | . . . . Allies | -11 -10 -9 -9 -------- Run | Yrd Mat Mat Sto Total Allies . | . . . . Largest Group . | . . . . Highest-Rated Group . | . . . . Highest-Rated Ally . | . . . . Total Orders . | . . . . Ally Attacks . | . . . . Total Damage . | . . . . Kills . | . . . . Allies Corrupted . | . . . . Allies Melted . | . . . . Intel | -11 -10 -9 -9 ------- Run | Yrd Mat Mat Sto Active Infowar (turns) 118 | . . 118 . Traps 118 | . . 118 . Robot Analysis Total . | . . . . Derelict Logs Recovered . | . . . . Drone Launches . | . . . . Drone Recoveries . | . . . . Exploration | -11 -10 -9 -9 ------------- Run | Yrd Mat Mat Sto Turns Passed 1689 | 79 461 760 389 Spaces Moved 775 | 53 195 329 198 Core 31 | 16 . 5 10 Treads 288 | 37 195 56 . Legs 456 | . . 268 188 Wheels . | . . . . Hover . | . . . . Flight . | . . . . Fastest Speed 50 | 50 160 120 120 Average Speed 147 | 126 160 140 151 Slowest Speed 250 | 160 160 250 250 Overloaded Moves . | . . . . Propulsion Burnouts . | . . . . Robots Hopped . | . . . . Potential Cave-ins . | . . . . Cave-ins Triggered . | . . . . Exploration Rate (%) 25 | 4 35 22 39 Regions Visited 3 Branch Regions 1 Pre-discovered Areas . | . . . . Known Exits Taken 1 | . 1 . . Unknown Exits Taken 2 | 1 . 1 . Scrap Searched . | . . . . Spaces Dug . | . . . . Terrain Destroyed 37 | . . 37 . Melee . | . . . . Projectile . | . . . . AOE 37 | . . 37 . Terrain Rammed . | . . . . Walls Destroyed . | . . . . Machines Disabled . | . . . . Actions | -11 -10 -9 -9 --------- Run | Yrd Mat Mat Sto Total 1160 | 65 333 509 253 Wait 220 | . 132 73 15 Move 772 | 52 194 328 198 Hop . | . . . . Pick Up 31 | 7 1 20 3 Fast Attach 5 | . . . 5 Attach 18 | 6 . 8 4 Detach . | . . . . Swap 8 | . . 7 1 Drop 9 | . . 7 2 Fire 97 | . 6 66 25 Melee . | . . . . Ram . | . . . . Kick . | . . . . Crush . | . . . . Escape Stasis . | . . . . Rewire . | . . . . Trap . | . . . . Miscellaneous . | . . . . Route ------- -11/Scrapyard -10/Materials (discovered 3 exits: *Mat x3) -9/Materials -9/Storage History --------- Turn | Location | Event 2 | -11/Scrapyard | Met Revision 17 6 | -11/Scrapyard | Discovered new exit (range 15) 80 | -11/Scrapyard | Entered Materials 309 | -10/Materials | Build established: Mutant 439 | -10/Materials | Identified exit to Materials 541 | -10/Materials | Entered another Materials area 541 | -9/Materials | Evolved 2 slots: Utility x2 719 | -9/Materials | Lost 3 parts (2n1u) 1188 | -9/Materials | Core integrity fell below 50% 1219 | -9/Materials | Lost 4 parts (1p1n1u1w) 1291 | -9/Materials | Discovered new exit (range 6) 1301 | -9/Materials | Entered Storage 1690 | -9/Storage | Self-destructed Last Messages --------------- 01551_ R-06 Scavenger collects Heat Sink. 01554_ R-06 Scavenger collects Corrupted Sml. Laser. 01559_ R-06 Scavenger collects Corrupted Aluminum Leg. 01561_ K-01 Serf collects debris. 01562_ R-06 Scavenger collects Corrupted Aluminum Leg. 01567_ K-01 Serf collects debris. 01615_ Connecting with Door Terminal... >>Open(Door) Sealed Heavy Doors opened. 01622_ Acquired Med. Armor Plating. 01628_ K-01 Serf collects debris. 01677_ Triggered EMP Trap. 01677_ A bubble of electromagnetic force engulfs the area. 01677_ K-01 Serf destroyed. 01677_ Door malfunctions. 01679_ ALERT: Construction progress impeded, dispatching reinforcements to local area. 01687_ A-02 Transporter destroyed. 01689_ Triggered EMP Trap. 01689_ A bubble of electromagnetic force engulfs the area. Map ----- +----------------------------------------------------+ | | | ?????????????????????????????????????????????? | | ?????????????????????????????????????????????? | | ?????????????????????????????????????????????? | | ?????????????????????????????????????????????? | | ?????????????????????????????????????????????? | | ?????????????????????????????????????????????? | | ?????????????????????????????????????????????? | | ?????????????????????????????????????????????? | | ?????????????????????????????????????????????? | | ?????????????????????????????????????????????? | | ?????????????????????????????????????????????? | | ?????????????????????????????????????????????? | | ?????????????????????????????????????????????? | | ?????????????????????????????????????????????? | | ????###??????????????????????????????????????? | | #####T##?????????????????????????????????????? | | #!!! #?????????????????????????????????????? | | # !! #?????????????????????????????????????? | | ##### #?????????????????????????????????????? | | #####+###################????????????????????? | | / #????????????????????? | | ### ########### w #??????? | | #?# # =[%[m #??????? | | ####### #?# /! ![] #??????? | | #?????# #?# #@= ! #??????? | | #?????# #?# # ##+########???????? | | #?????# #?# # #?????????????????? | | #?????# #?# # +?????????????????? | | #+#?????# #?##############?????????????????? | | ????????# #????????????????????????????????? | | ????????# #????????????????????????????????? | | ????????+ #????????????????????????????????? | | ????????# #????????????????????????????????? | | ????????# #????????????????????????????????? | | ????????+ #????????????????????????????????? | | ????????? ?????????????????????????????????? | | ?????????????????????????????????????????????? | | ?????????????????????????????????????????????? | | ?????????????????????????????????????????????? | | ?????????????????????????????????????????????? | | ?????????????????????????????????????????????? | | ?????????????????????????????????????????????? | | ?????????????????????????????????????????????? | | ?????????????????????????????????????????????? | | ?????????????????????????????????????????????? | | ?????????????????????????????????????????????? | | ?????????????????????????????????????????????? | | ?????????????????????????????????????????????? | | ?????????????????????????????????????????????? | +----------------------------------------------------+ Best States ------------- Heat Dissipation 28 Energy Generation 12 Energy Capacity 265 Matter Stores 300 Matter Capacity 300 Sight Range 16 Terrain Scan Density 10 Armor Coverage 225 Evasion (%) 55 Recoil Reduction 2 Item Schematics ----------------- None Robot Schematics ------------------ None Fabricated ------------ Nothing Repaired ---------- Nothing Alien Tech Used ----------------- None Achievements -------------- None Challenges ------------ None Game ------ Seed ImprovedCatalystRipteeth Manual? 0 Play Time 00:11:48 Cumulative 33.0 hours Start 2025.07.15 @ 12:07:41 End 2025.07.15 @ 12:17:03 Sessions 1 Manual Loads 0 Difficulty Rogue Special Mode None Game No. 177 Rogue 177 Adventurer 0 Explorer 0 Win Type - Total 0 Types 0/0/0/0/0/0/0/0/0/0 Lore% 9 Gallery% 24 Achievement% 19 Wizard Run 0 Options --------- Layout 0 ASCII 0 Keyboard 0 Movement Arrows Keybinds 0 Fullscreen 2 Font 24/Cog Map View 76x50 Zoom Use 0% Tactical HUD 1 Map Filters NONE Filters NONE Steam 1 RUN: 57d598d2-929a-49e9-b3a7-b4d3ff526378